 Dungeon Sprint DCSS version 0.30.0-18-gc0e69614cb (webtiles) character file.

Game seed: 17733949488799649936

272190 Groucho the Imperceptible (level 12, 66/66 HPs)
             Began as a Felid Berserker on May 25, 2023.
             Was the Champion of Trog.
             Escaped with the Orb!
             The game lasted 00:10:13 (4356 turns).

Groucho the Imperceptible (Felid Berserker)         Turns: 4356, Time: 00:10:13

Health: 66/66      AC:  3    Str: 15    XL:     12   Next: 25%
Magic:  13/13      EV: 31    Int: 13    God:    Trog [******]
Gold:   2515       SH:  5    Dex: 17    Spells: 11/11 levels left
                                        Lives:  2   Deaths: 0

rFire   + .          .
                       - Unarmed
rCold   + + .        (shield unavailable)
rNeg    . . .        (body armour unavailable)
rPois   .            (helmet unavailable)
rElec   .            (cloak unavailable)
rCorr   .            (gloves unavailable)
SInv    +            (boots unavailable)
Will    ++...        l - amulet of Eradeucs {Reflect rF+ rC+ SH+5}
Stlth   +++          q - ring of willpower
HPRegen 0.31/turn    p - ring of Ceeschogui {Fly Int+3}
MPRegen 0.13/turn

%: no teleportation, reflection
@: flying, quick
A: very small, claws 1, fangs 3, see invisible, speed 1, shaggy fur 3, stealthy
paws, no weapons or thrown items, no armour, multi-lived
0: Orb of Zot
a: Renounce Religion, Berserk, Trog's Hand, Brothers in Arms


You escaped.
You worshipped Trog.
Trog was exalted by your worship.
You visited 1 branch You collected 3200 gold pieces.
You spent 685 gold pieces at shops.

Inventory:

Jewellery
 k - a ring of flight
 l - the amulet of Eradeucs (around neck) {Reflect rF+ rC+ SH+5}
   (You bought it in a shop in the Dungeon)

   [amulet of reflection]

   It reflects blocked missile attacks.
   rF:        It protects you from fire.
   rC:        It protects you from cold.
   SH:        It affects your SH (+5).
 p - the ring of Ceeschogui (right paw) {Fly Int+3}
   (You found it in the Dungeon)

   [ring of flight]

   Int:       It affects your intelligence (+3).
   Fly:       It grants you flight.
 q - a ring of willpower (left paw)
 u - an amulet of regeneration
 w - a +6 ring of strength
Wands
 f - a wand of charming (2)
 g - a wand of digging (3)
 i - a wand of roots (3)
Scrolls
 j - a scroll of amnesia {unknown}
 n - 2 scrolls of immolation {unknown}
 s - a scroll of torment {unknown}
 t - a scroll of poison {unknown}
 v - a scroll of identify {unknown}
 x - a scroll of enchant weapon {unknown}
Potions
 a - 3 potions of curing
 b - 2 potions of heal wounds
 d - 2 potions of magic
 e - a potion of berserk rage
 h - 3 potions of lignification {unknown}
 m - 3 potions of mutation {unknown}
 o - a potion of attraction {unknown}
Miscellaneous
 r - a piece from Xom's chessboard (15/15)


   Skills:
 + Level 15.2 Fighting
 + Level 19.3 Dodging
 + Level 25.8 Stealth
 + Level 15.2 Unarmed Combat


You had 11 spell levels left.
You didn't know any spells.
Your spell library was empty.

Dungeon Overview and Level Annotations

Branches:
Dungeon (1/1)

Altars:
Cheibriados
Dithmenos
Elyvilon
Fedhas
Gozag
Hepliaklqana
Kikubaaqudgha
Makhleb
Nemelex Xobeh
Okawaru
Qazlal
Ru
Sif Muna
Trog
Uskayaw
Vehumet
Wu Jian
Xom
Yredelemnul
Zin
The Shining One
Jiyva
Lugonu

Shops:
D (*!!*!:??!:*?[=[*:

Annotations:
D Tiamat


Innate Abilities, Weirdness & Mutations

You have sharp claws.
You have razor-sharp teeth.
You have supernaturally acute eyesight. (SInv)
You cover ground quickly. (Speed+)
Your thick and shaggy fur keeps you warm. (AC +3, rC+)
Your paws help you pounce on unaware monsters.
You are incapable of wielding weapons or throwing items.
You cannot wear armour.
You gain extra lives every three experience levels.


Message History

Found the Orb of Zot.
You see here a +0 falchion.
Aiming: Dig
Press: ? - help, Shift-Dir - straight line The damaged grate falls apart.
Unknown command.
Unknown command.
You feel yourself speed up.
Tiamat, Avatar of the Dragonlord comes into view.
She is wielding a +1 demon trident of electrocution and wearing the +4 dragonskin cloak.
You see here the Orb of Zot.
You pick up the Orb of Zot!
The Orb lets out a hideous shriek!
The lords of Pandemonium are not amused.
Beware!
Now all you have to do is get back out of the dungeon!
You hear a roar!
Something screams, "Embrace thy dedition, thou frothy spleeny bum-bailey!"
Things that are here:
a +0 great sword of flaming; a +2 great sword of flaming; a fire giant corpse
Things that are here:
a +2 great sword of flaming; a +0 great sword of flaming; a fire giant skeleton
There is an open door here.
There is an open door here.
There is an open door here.
There is an open door here.
There is an open door here.
Your extra speed is starting to run out.
Things that are here:
a +0 dagger; a +0 robe
There is an open door here.
There is an open door here.
You feel yourself slow down.
There is an open door here.
An Executioner and 2 large abominations come into view.
There is an open door here.
Things that are here:
a +0 scythe; a +0 robe
There is an open door here.
There is an open door, spattered with blood here.
You see here a +0 giant spiked club.
There is a staircase leading out of the dungeon here.
You have escaped!

##################
#@....)..#.)'..#__
#..').#..'..#..'..
#..#####'#####'#__
#..####..#...#.###
#..#__####..##.#~~
#..#_____##'#_.X§§
#⌠⌠#_.∩...'...X#§§
####_..__##_.#1##'
#_____###'#)#..


There were no monsters in sight!

Vanquished Creatures
  A golden dragon (D)
  A shadow dragon (D)
  A hydra (D)
  2 centaur warriors (D)
  Sonja (D)
  A deep troll (D)
  A lindwurm (D)
  An oklob plant (D)
  4 demonic crawlers (D)
  7 unseen horrors (D)
  A kobold demonologist (D)
  A hornet (D)
  A slime creature (D)
  Sigmund (D)
  13 hogs (D)
  A yak (D)
  2 redbacks (D)
  3 floating eyes (D)
  An ogre (D)
  7 necrophages (D)
  8 jellies (D)
  Ijyb (D)
  A ballistomycete spore (D)
61 creatures vanquished.

Vanquished Creatures (collateral kills)
  A daeva (D)
  4 fire giants (D)
  A kobold demonologist (D)
6 creatures vanquished.

Vanquished Creatures (others)
  A ballistomycete spore (D)
1 creature vanquished.

Grand Total: 68 creatures vanquished

Notes
Turn   | Place    | Note
-------+----------+-------------------------------------------
     0 | D        | Groucho the Felid Berserker began the quest for the Orb.
     0 | D        | Reached XP level 1. HP: 10/10 MP: 2/2
     1 | D        | Noticed Ijyb
    11 | D        | Killed Ijyb
    12 | D        | Reached skill level 8 in Stealth
    12 | D        | Reached XP level 2. HP: 12/14 MP: 3/3
   341 | D        | Noticed an ogre
   346 | D        | Killed an ogre
   347 | D        | Reached skill level 12 in Stealth
   347 | D        | Reached XP level 3. HP: 17/17 MP: 4/4
   347 | D        | Reached XP level 4. HP: 21/21 MP: 5/5
   599 | D        | Noticed Sigmund
   601 | D        | Killed Sigmund
   601 | D        | Reached ** piety under Trog
   602 | D        | Reached skill level 16 in Stealth
   602 | D        | Reached XP level 5. HP: 24/24 MP: 6/6
   609 | D        | Found a shimmering blue altar of Sif Muna.
   610 | D        | Found an ornate altar of the Wu Jian Council.
   611 | D        | Found a radiant altar of Vehumet.
   616 | D        | Reached skill level 17 in Stealth
   616 | D        | Gained mutation: You are covered in thick fur. (AC +2)
                  | [Felid growth]
   616 | D        | Reached XP level 6. HP: 28/28 MP: 7/7
   617 | D        | Found Kacedo's General Store.
   617 | D        | Found an ancient bone altar of Kikubaaqudgha.
   617 | D        | Found a hazy altar of Hepliaklqana.
   617 | D        | Found a stormy altar of Qazlal.
   617 | D        | Found a hide-covered altar of Uskayaw.
   617 | D        | Found a blossoming altar of Fedhas.
   617 | D        | Found a bloodstained altar of Trog.
   617 | D        | Found an iron altar of Okawaru.
   617 | D        | Found a basalt altar of Yredelemnul.
   617 | D        | Found a glowing golden altar of the Shining One.
   617 | D        | Found a snail-covered altar of Cheibriados.
   617 | D        | Found a sacrificial altar of Ru.
   617 | D        | Found a glowing silver altar of Zin.
   617 | D        | Found a shadowy altar of Dithmenos.
   617 | D        | Found a white marble altar of Elyvilon.
   617 | D        | Noticed a yak
   618 | D        | Found an opulent altar of Gozag.
   619 | D        | Killed a yak
   620 | D        | Reached skill level 5 in Dodging
   620 | D        | Reached skill level 18 in Stealth
   620 | D        | Found a sparkling altar of Nemelex Xobeh.
   664 | D        | Found a burning altar of Makhleb.
   664 | D        | Found a shimmering altar of Xom.
   664 | D        | Noticed a slime creature
   665 | D        | Found a viscous altar of Jiyva.
   665 | D        | Found a corrupted altar of Lugonu.
   667 | D        | Killed a slime creature
   668 | D        | Reached skill level 5 in Fighting
   668 | D        | Reached skill level 5 in Unarmed Combat
   668 | D        | Reached XP level 7. HP: 33/33 MP: 8/8
   689 | D        | Noticed a centaur warrior
   691 | D        | Noticed a centaur warrior
   692 | D        | Killed a centaur warrior
   692 | D        | Reached *** piety under Trog
   693 | D        | Reached skill level 19 in Stealth
   693 | D        | Reached XP level 8. HP: 40/40 MP: 9/9
   693 | D        | Killed a centaur warrior
   694 | D        | Reached skill level 10 in Dodging
   694 | D        | Reached skill level 20 in Stealth
   701 | D        | Noticed a hornet
   704 | D        | Killed a hornet
   715 | D        | Noticed an oklob plant
   980 | D        | Killed an oklob plant
   981 | D        | Reached XP level 9. HP: 26/45 MP: 10/10
  1312 | D        | Reached **** piety under Trog
  1328 | D        | Reached skill level 21 in Stealth
  1335 | D        | Noticed an unseen horror
  1336 | D        | Noticed an unseen horror
  1343 | D        | Killed an unseen horror
  1347 | D        | Killed an unseen horror
  1348 | D        | Reached skill level 10 in Fighting
  1348 | D        | Reached skill level 10 in Unarmed Combat
  1402 | D        | Reached ***** piety under Trog
  1666 | D        | Reached ****** piety under Trog
  1920 | D        | Reached XP level 10. HP: 45/51 MP: 11/11
  1930 | D        | Found Nitorr's Distillery.
  1930 | D        | Found Oczoadeutz's Distillery.
  1930 | D        | Found Fudwuim's General Store.
  1932 | D        | Found Onorraaz's Distillery.
  1932 | D        | Found Qiamu's Book Shop.
  1932 | D        | Found Qemaleot's Magic Scroll Shoppe.
  1932 | D        | Found Hysicwoh's Magic Scroll Boutique.
  1932 | D        | Found Mucvucu's Distillery.
  1932 | D        | Found Teryc's Book Shop.
  1932 | D        | Found Hybu's Assorted Antiques.
  1936 | D        | Found Gonir's Magic Scroll Boutique.
  1937 | D        | Found Ejeumuk's Jewellery Emporium.
  1937 | D        | Found Liolysil's Antique Armour Boutique.
  1938 | D        | Found Kettam's General Store.
  1948 | D        | Bought a ring of flight for 175 gold pieces
  1950 | D        | Bought the amulet of Eradeucs {Reflect rF+ rC+ SH+5} for
                  | 510 gold pieces
  1998 | D        | Noticed a deep troll
  2000 | D        | Killed a deep troll
  2006 | D        | Found Soitem's Armour Emporium.
  2023 | D        | Noticed Sonja
  2033 | D        | Killed Sonja
  2034 | D        | Reached skill level 22 in Stealth
  2267 | D        | Found Jaisa's Antique Weapon Boutique.
  2577 | D        | Noticed a sun demon
  3112 | D        | Noticed a demonic crawler
  3112 | D        | Noticed a demonic crawler
  3112 | D        | Noticed a demonic crawler
  3112 | D        | Noticed a demonic crawler
  3114 | D        | Killed a demonic crawler
  3115 | D        | Killed a demonic crawler
  3116 | D        | Reached skill level 15 in Dodging
  3117 | D        | Killed a demonic crawler
  3118 | D        | Killed a demonic crawler
  3138 | D        | Noticed a lindwurm
  3140 | D        | Killed a lindwurm
  3141 | D        | Reached skill level 23 in Stealth
  3153 | D        | Reached XP level 11. HP: 57/57 MP: 12/12
  3167 | D        | Noticed a 12-headed hydra
  3169 | D        | Killed a 12-headed hydra
  3233 | D        | Noticed a shadow dragon
  3233 | D        | Noticed a golden dragon
  3238 | D        | Killed a shadow dragon
  3239 | D        | Reached skill level 24 in Stealth
  3240 | D        | Killed a golden dragon
  3242 | D        | Identified the ring of Ceeschogui {Fly Int+3}
  3305 | D        | Found Yssigac's Book Shoppe.
  3357 | D        | Noticed a daeva
  3373 | D        | Killed a daeva
  3545 | D        | Reached skill level 25 in Stealth
  3874 | D        | Noticed a fire giant
  3877 | D        | Noticed a fire giant
  3877 | D        | Noticed a fire giant
  3889 | D        | Killed a fire giant
  3890 | D        | Gained mutation: Your thick and shaggy fur keeps you warm.
                  | (AC +3, rC+) [Felid growth]
  3890 | D        | Reached XP level 12. HP: 64/64 MP: 13/13
  3892 | D        | Killed a fire giant
  4099 | D        | Noticed a fire giant
  4107 | D        | Killed a fire giant
  4108 | D        | Reached skill level 15 in Fighting
  4108 | D        | Reached skill level 15 in Unarmed Combat
  4115 | D        | Killed a fire giant
  4284 | D        | Found the +4 dragonskin cloak
  4284 | D        | Noticed Tiamat
  4286 | D        | Got the Orb of Zot
  4342 | D        | Noticed an Executioner
  4356 | D        | Escaped with the Orb!

Illustrated notes

Levels and vault maps discovered:
D:        dungeon_sprint_1 [red_sonja_temple_1, red_sonja_temple_small_1]

Skill      XL: |  1  2  3  4  5  6  7  8  9 10 11 12 |
---------------+-------------------------------------+-----
Stealth        | 8 12 16 17 18 19 20 21 23 25 | 25.8
Fighting       | 5 7 9 10 12 14 15 | 15.2
Dodging        | 7 9 11 13 15 18 19 | 19.3
Unarmed Combat | 5 7 9 10 12 14 15 | 15.2

Action                     |  1- 3 |  4- 6 |  7- 9 | 10-12 || total
---------------------------+-------+-------+-------+-------++-------
  Melee: Unarmed           |    10 |     4 |    53 |    48 ||   115
         Bite              |       |       |     5 |     2 ||     7
         Punch             |       |       |     2 |     1 ||     3
 Invoke: Berserk           |     2 |       |       |       ||     2
         Trog's Hand       |       |       |     1 |     2 ||     3
         Brothers in Arms  |       |       |       |     8 ||     8
  Evoke: Wand              |       |       |       |     2 ||     2
    Use: Scroll            |       |       |     1 |       ||     1
         Potion            |       |       |       |     1 ||     1
   Stab: Sleeping          |       |     4 |    15 |    29 ||    48
         Distracted        |       |       |     1 |       ||     1
 Armour: Skin              |       |       |     1 |       ||     1
  Dodge: Dodged            |     3 |       |    29 |    29 ||    61
  Block: Other             |       |       |       |     7 ||     7
